 Dungeon Crawl Stone Soup version 0.29-a0-270-g1586fc07ea (webtiles) character file.

Game seed: 3183715959053218239

2750 mopl the Thaumaturge (level 9, -4/57 HPs)
             Began as a Mummy Fire Elementalist on Mar 7, 2022.
             Was a Follower of Vehumet.
             Slain by a wyvern (10 damage)
             ... on level 7 of the Dungeon.
             The game lasted 00:12:37 (8421 turns).

mopl the Thaumaturge (Mummy Fire Elementalist)      Turns: 8421, Time: 00:12:38

Health: -4/57      AC:  5    Str: 12    XL:     9   Next: 41%
Magic:  7/21       EV: 12    Int: 18    God:    Vehumet [*.....]
Gold:   476        SH:  0    Dex: 12    Spells: 11/25 levels left

rFire   x . .      SeeInvis .   e - +0 lajatang
rCold   + . .      Faith    .   (shield currently unavailable)
rNeg    + + +      Spirit   .   a - +0 robe
rPois   ∞          Reflect  .   f - +0 helmet
rElec   .          Harm     .   k - +0 cloak
rCorr   .          Rampage  .   (no gloves)
Will    +....                   A - +0 pair of boots
Stlth   ++........              (no amulet)
HPRegen 0.19/turn               y - ring of flight
MPRegen 0.17/turn               (no ring)

@: flying
A: cold resistance 1, negative energy resistance 3, torment resistance 2, heat
vulnerability 1, in touch with death 1, no potions
a: Renounce Religion


You were on level 7 of the Dungeon.
You worshipped Vehumet.
Vehumet was aware of your devotion.
You visited 2 branches of the dungeon, and saw 8 of its levels.

You collected 476 gold pieces.

Inventory:

Hand Weapons
 c - a +0 flail
 e - a +0 lajatang (weapon)
 l - a +0 dagger of venom
Missiles
 m - 6 boomerangs of dispersal
 s - 6 poisoned darts
 u - 4 curare-tipped darts
 z - 4 boomerangs
Armour
 a - a +0 robe (worn)
 f - a +0 helmet (worn)
 k - a +0 cloak (worn)
 r - a +0 buckler
 A - a +0 pair of boots (worn)
Magical Staves
 o - a staff of cold
Jewellery
 y - a ring of flight (left hand)
Wands
 x - a wand of charming (6)
Scrolls
 b - a scroll of amnesia {unknown}
 d - a scroll of holy word {unknown}
 g - 2 scrolls of magic mapping {unknown}
 h - 3 scrolls of enchant armour {unknown}
 i - 3 scrolls of enchant weapon {unknown}
 j - 2 scrolls of summoning {unknown}
 n - 2 scrolls of identify {unknown}
 p - 3 scrolls of teleportation {unknown}
 q - 2 scrolls of noise {unknown}
 t - 2 scrolls of immolation {unknown}
 v - 3 scrolls of torment {unknown}
 w - a scroll of acquirement {unknown}


   Skills:
 - Level 1.5 Dodging
 - Level 1.5 Stealth
 + Level 8.8 Spellcasting
 + Level 5.7 Conjurations
 + Level 6.2 Fire Magic
 + Level 3.9 Poison Magic


You had 11 spell levels left.
You knew the following spells:

 Your Spells              Type           Power      Damage    Failure   Level
a - Foxfire               Conj/Fire      100%       2x1d9     1%          1
b - Scorch                Fire           60%        2d8       1%          2
c - Conjure Flame         Conj/Fire      29%        6-21      2%          3
d - Sticky Flame          Conj/Fire      29%        2d5       8%          4
o - Olgreb's Toxic Radia  Pois           22%        N/A       19%         4

Your spell library contained the following spells:

 Spells                   Type           Power      Damage    Failure   Level
 Freeze                   Ice            28%        1d5       9%          1
 Sting                    Tmut/Pois      56%        1d5       4%          1
 Static Discharge         Conj/Air       18%        N/A       4%          2
 Poisonous Vapours        Pois/Air       28%        N/A       6%          2
 Inner Flame              Hex/Fire       19%        N/A       8%          3
 Flame Wave               Conj/Fire      29%        2d8       8%          4
 Animate Skeleton         Necr           22%        N/A       9%          1
 Pain                     Necr           44%        1d6       9%          1
 Vampiric Draining        Necr           11%        2d6       26%         3
 Dispel Undead            Necr           11%        3d9       65%         4


Dungeon Overview and Level Annotations

Branches:
Dungeon (7/15)             Temple (1/1) D:4

Altars:
Ashenzari
Cheibriados
Dithmenos
Elyvilon
Fedhas
Kikubaaqudgha
Qazlal
Ru
Uskayaw
Vehumet
Wu Jian
Xom
Yredelemnul
Zin
The Shining One


Innate Abilities, Weirdness & Mutations

You are immune to poison.
Your flesh is cold resistant. (rC+)
You are immune to negative energy. (rN+++)
You are immune to unholy pain and torment.
You are vulnerable to heat. (rF-)
You are in touch with the powers of death.
You do not drink.


Message History

Aiming: Sticky Flame (dangerous; 8% risk of failure)
Press: ? - help, Shift-Dir - straight line, f - steam dragon
Aim: a steam dragon (lightly wounded, poisoned, 100% to hit)
The sticky flame hits the steam dragon but does no damage.
The steam dragon is lightly wounded.
The steam dragon is covered in liquid flames!
The steam dragon looks even sicker.
The wyvern looks even sicker.
Your toxic aura wanes.
The steam dragon burns!
The wyvern bites you!
The steam dragon barely misses you. x2; The wyvern barely misses you.
Unknown command.
Casting: Sticky Flame (dangerous; 8% risk of failure)
Confirm with . or Enter, or press ? or * to list all spells.
Aiming: Sticky Flame (dangerous; 8% risk of failure)
Press: ? - help, Shift-Dir - straight line, f - wyvern, p - steam dragon
Aim: a wyvern (moderately wounded, very poisoned, 100% to hit)
The sticky flame hits the wyvern.
The wyvern is heavily wounded.
The wyvern is covered in liquid flames!
The steam dragon burns!
The wyvern burns!
The wyvern barely misses you. The steam dragon breathes steam at you.
The ball of steam hits you!!! The steam scalds you terribly!
Ouch! That really hurt!
* * * LOW HITPOINT WARNING * * *
Unknown command.
Casting: Sticky Flame (dangerous; 8% risk of failure)
Confirm with . or Enter, or press ? or * to list all spells.
Flames lash the wyvern.
The wyvern is severely wounded.
The wyvern's fire resistance burns away.
You are engulfed in a cloud of scalding steam.
* * * LOW HITPOINT WARNING * * *
The steam dragon burns!
The wyvern burns!
The wyvern bites you.
* * * LOW HITPOINT WARNING * * *
The steam dragon bites you.
* * * LOW HITPOINT WARNING * * *
The steam dragon claws you.
* * * LOW HITPOINT WARNING * * *
The wyvern bites you!
You die...

#.#.#.####.#.
.............
#.###.####### #+##
#.# #.# ...#
#.###.###########...#
#...................#
#####.##########^#.##
#.# #.....§.# .. #.#
#......@# ## #.#
#......lD....# #.#
#............# #.#
#............# #.#
######...$...#
#.......# #.......#
#.......#


You could see a steam dragon (burning, very poisoned, catching breath) and a
wyvern (burning, very poisoned, combustible).

Vanquished Creatures
  A wyvern (D:5)
  3 yaks
  A water moccasin (D:6)
  A black bear (D:6)
  An ice beast (D:6)
  An orc warrior (D:6)
  A sky beast (D:5)
  3 ogres
  A centaur (D:7)
  A kobold brigand (D:6)
  3 bullfrogs
  4 scorpions
  5 howler monkeys
  A jelly (D:6)
  4 hounds
  3 orc priests
  2 orc wizards
  Natasha (thrice) (D:2 D:1)
  3 iguanas
  Robin (D:1)
  3 gnolls (D:4)
  5 adders
  A white imp (D:6)
  2 worms
  2 dart slugs
  19 orcs
  10 endoplasms
  5 giant cockroaches
  11 hobgoblins
  4 jackals (D:4)
  3 quokkas
  5 ball pythons
  2 bats
  7 frilled lizards
  19 goblins
  13 kobolds
  3 rats (D:1)
157 creatures vanquished.

Vanquished Creatures (others)
  151 foxfires
151 creatures vanquished.

Grand Total: 308 creatures vanquished

Notes
Turn   | Place    | Note
-------+----------+-------------------------------------------
     0 | D:1      | mopl the Mummy Fire Elementalist began the quest for the
                  | Orb.
     0 | D:1      | Reached XP level 1. HP: 13/13 MP: 4/4
    88 | D:1      | Reached skill level 1 in Conjurations
   289 | D:1      | Reached skill level 3 in Spellcasting
   290 | D:1      | Reached XP level 2. HP: 15/19 MP: 0/6
   349 | D:1      | Learned a level 2 spell: Scorch
  1022 | D:1      | Gained mutation: You are in touch with the powers of death.
                  | [Mummy growth]
  1022 | D:1      | Reached XP level 3. HP: 24/24 MP: 4/7
  1260 | D:2      | Noticed Robin
  1321 | D:1      | Killed Robin
  1322 | D:1      | Reached skill level 3 in Fire Magic
  1518 | D:2      | Reached XP level 4. HP: 23/30 MP: 4/9
  1788 | D:2      | Reached skill level 4 in Spellcasting
  2017 | D:2      | Noticed Natasha
  2026 | D:2      | Killed Natasha
  2027 | D:2      | Reached skill level 2 in Conjurations
  2031 | D:2      | Noticed Natasha
  2072 | D:1      | Killed Natasha
  2101 | D:1      | Noticed Natasha
  2106 | D:1      | Killed Natasha
  2107 | D:1      | Reached XP level 5. HP: 14/35 MP: 4/11
  2924 | D:3      | Found a faded altar of an unknown god.
  2996 | D:3      | Identified the +1 ring mail of the Game of Kings {+Inv rN+
                  | Str-3}
  3401 | D:4      | Noticed an ogre
  3481 | D:3      | Reached XP level 6. HP: 20/41 MP: 10/13
  3693 | D:4      | Reached skill level 5 in Spellcasting
  3693 | D:4      | Reached skill level 3 in Conjurations
  3780 | D:4      | Reached skill level 4 in Fire Magic
  3937 | D:4      | Reached XP level 7. HP: 46/46 MP: 9/15
  3990 | D:4      | Found a staircase to the Ecumenical Temple.
  4014 | Temple   | Entered the Ecumenical Temple
  4395 | Temple   | Became a worshipper of Vehumet
  4565 | D:4      | Reached skill level 6 in Spellcasting
  4613 | D:4      | Found a shadowy altar of Dithmenos.
  5028 | D:4      | Learned a level 3 spell: Conjure Flame
  5033 | D:4      | Learned a level 4 spell: Sticky Flame
  5038 | D:4      | Learned a level 4 spell: Olgreb's Toxic Radiance
  5050 | D:5      | Entered Level 5 of the Dungeon
  5055 | D:5      | Noticed a wyvern
  5066 | D:5      | Killed a wyvern
  5067 | D:5      | Reached skill level 4 in Conjurations
  5338 | D:4      | Reached skill level 1 in Poison Magic
  5474 | D:5      | Reached XP level 8. HP: 52/52 MP: 13/18
  5552 | D:5      | Reached skill level 5 in Fire Magic
  5641 | D:5      | Reached skill level 7 in Spellcasting
  5980 | D:5      | Reached skill level 2 in Poison Magic
  6481 | D:5      | Reached skill level 5 in Conjurations
  6919 | D:6      | Reached * piety under Vehumet
  6919 | D:6      | Offered knowledge of Freeze by Vehumet.
  6920 | D:6      | Reached skill level 8 in Spellcasting
  6920 | D:6      | Reached skill level 3 in Poison Magic
  7164 | D:6      | Found a sacrificial altar of Ru.
  7173 | D:6      | Reached XP level 9. HP: 49/57 MP: 9/21
  7372 | D:6      | Found a shimmering altar of Xom.
  7538 | D:6      | Reached skill level 6 in Fire Magic
  8421 | D:7      | Slain by a wyvern

Illustrated notes

Levels and vault maps discovered:
D:1:      roderic_chinese_lattice_arrival, layout_loops_ring,
          minmay_pentomino_t4
D:2:      layout_rooms, uniq_robin, uniq_natasha
D:3:      layout_loops_ring, ebering_ecumenical_altar_ruins
D:4:      layout_rooms, grunt_dithmenos_smoke, temple_statues
D:5:      layout_gridville, dk_noncrumbling_4
D:6:      layout_cave_pods, nicolae_ru_great_annihilating_truth,
          old_standard_altar
D:7:      layout_basic, nicolae_overflow_hallway_of_the_gods, bloody_trog,
          serial_shops, shop_fountains, uniq_menkaure
Temple:   minmay_temple_forest_path

Skill      XL: |  1  2  3  4  5  6  7  8  9 |
---------------+----------------------------+-----
Conjurations   | 1 2 3 4 5 |  5.7
Spellcasting   | 3 4 5 6 8 |  8.8
Fire Magic     | 3 4 5 6 |  6.2
Poison Magic   | 1 3 |  3.9
Dodging        | |  1.5
Stealth        | |  1.5

Action                   |  1- 3 |  4- 6 |  7- 9 || total
-------------------------+-------+-------+-------++-------
Melee: Unarmed           |     5 |       |       ||     5
       Flail             |     8 |       |       ||     8
       Lajatang          |     9 |    49 |    21 ||    79
 Cast: Foxfire           |    38 |    44 |     2 ||    84
       Scorch            |    11 |    40 |   100 ||   151
       Sticky Flame      |       |       |    14 ||    14
       Olgreb's Toxic Ra |       |       |     2 ||     2
 Stab: Sleeping          |     2 |       |       ||     2
Armor: Robe              |     9 |    26 |    25 ||    60
Dodge: Dodged            |    41 |    69 |    80 ||   190

Table legend: (Time is in decaauts)
 A = Elapsed time spent in this place.
 B = Non-inter-level travel time spent in this place.
 C = Inter-level travel time spent in this place.
 D = Time resting spent in this place.
 E = Time spent auto-exploring this place.
 F = Levels seen in this place.
 G = Mean time per level.
                   A        B        C        D        E       F      G
               +--------+--------+--------+--------+--------+-----+--------+
         Total |   8481 |   8225 |    256 |   3696 |   3179 |   8 | 1060.1 |
       Dungeon |   8064 |   7860 |    204 |   3696 |   2826 |   7 | 1152.0 |
        Temple |    416 |    365 |     51 |      0 |    353 |   1 |  416.0 |
               +--------+--------+--------+--------+--------+-----+--------+

Top non-repeatable levels by time:
     D:1: 1691 daAuts
     D:5: 1483 daAuts
     D:6: 1421 daAuts
     D:4: 1330 daAuts
     D:3: 1100 daAuts
     D:2: 898 daAuts
  Temple: 416 daAuts
     D:7: 139 daAuts
